 Dungeon Crawl Stone Soup version 0.18.1-47-g9310371 (webtiles) character file.

8981 inmateoo the Grappler (level 11, -9/93 HPs)
             Began as a Troll Arcane Marksman on June 18, 2016.
             Was a High Priest of Okawaru.
             Mangled by an ice devil (23 damage)
             ... in an ice cave.
             The game lasted 00:14:56 (8043 turns).

inmateoo the Grappler (Troll Arcane Marksman)       Turns: 8043, Time: 00:14:58

Health: -9/93      AC:  7    Str: 24    XL:     11   Next: 17%
Magic:  11/11      EV: 12    Int:  9    God:    Okawaru [*****.]
Gold:   353        SH:  0    Dex:  9    Spells: 3 memorised, 7 levels left

rFire  + + .     SeeInvis .       - Unarmed
rCold  . . .     Gourm    +     a - +0 robe
rNeg   . . .     Faith    .     (no shield)
rPois  +         Spirit   .     (helmet restricted)
rElec  .         Dismiss  .     E - +1 cloak
rCorr  .         Reflect  .     (gloves unavailable)
SustAt .         Harm     .     (boots unavailable)
MR     .....                    (no amulet)
Stlth  +.........               u - ring of protection from fire
                                M - ring of protection from fire

@: not resistant to hostile enchantments, very unstealthy
A: unfitting armour, claws 3, horns 1, fast metabolism 3, frail 1, gourmand,
poison resistance, regeneration 2, shaggy fur 1, tough skin 2
a: Heroism, Finesse, Renounce Religion


You were in an ice cave.
You worshipped Okawaru.
Okawaru was extremely pleased with you.
You were not hungry.

You visited 2 branches of the dungeon, and saw 12 of its levels.
You also visited: Ossuary and Ice Cave.

You collected 353 gold pieces.

Inventory:

Missiles
 c - 11 large rocks (quivered)
 d - 4 throwing nets
Armour
 a - a +0 robe (worn)
 E - a +1 cloak (worn)
Jewellery
 q - an uncursed ring of poison resistance
 u - a ring of protection from fire (right claw)
 D - an uncursed ring of positive energy
 M - a ring of protection from fire (left claw)
Wands
 g - a wand of iceblast (7/15)
 o - a wand of iceblast (7/15)
 v - a wand of enslavement (18/24)
 A - a wand of slowing (26/48)
 H - a wand of lightning (7/15)
 K - a wand of iceblast (7/15)
 N - a wand of teleportation (7/9)
 R - a wand of lightning (8/15)
Scrolls
 e - 5 scrolls of teleportation
 h - 2 scrolls of amnesia
 i - a scroll of enchant weapon
 k - 4 scrolls of remove curse
 y - a scroll of enchant armour
Potions
 j - 2 potions of flight {unknown}
 m - a potion of cure mutation
 p - 2 potions of curing
 r - 2 potions of heal wounds
 s - 2 potions of cancellation
 t - 4 potions of agility
 w - a potion of magic
 x - 2 potions of might
 z - 3 potions of brilliance
 B - 2 potions of resistance
 O - a potion of haste {unknown}
Books
 b - a book of Debilitation

   Spells                             Type                      Level
   a - Corona                         Hexes                        1
   b - Slow                           Hexes                        2
   c - Gell's Gravitas                Hexes/Translocation          3
   d - Inner Flame                    Hexes/Fire                   3
   e - Cause Fear                     Hexes                        4
   f - Leda's Liquefaction            Hexes/Earth                  4
 F - a book of Party Tricks

   Spells                             Type                      Level
   a - Summon Butterflies             Summoning                    1
   b - Apportation                    Translocation                1
   c - Tukima's Dance                 Hexes                        3
   d - Alistair's Intoxication        Transmutation/Poison         5
   e - Invisibility                   Hexes                        6
 Q - a book of Death

   Spells                             Type                      Level
   a - Corpse Rot                     Necromancy                   2
   b - Sublimation of Blood           Necromancy                   2
   c - Agony                          Necromancy                   5
   d - Dispel Undead                  Necromancy                   5
   e - Excruciating Wounds            Charms/Necromancy            5
   f - Bolt of Draining               Conjuration/Necromancy       5
 S - a book of Battle

   Spells                             Type                      Level
   a - Infusion                       Charms                       1
   b - Shroud of Golubria             Charms/Translocation         2
   c - Song of Slaying                Charms                       2
   d - Spectral Weapon                Hexes/Charms                 3
   e - Regeneration                   Charms/Necromancy            3
Comestibles
 f - 8 bread rations
 l - 3 fruits
 n - 6 meat rations
 J - 9 slices of pizza
 L - 2 beef jerkies


   Skills:
 + Level 5.4 Fighting
 * Level 4.0 Throwing
 + Level 7.4 Dodging
 + Level 12.7 Unarmed Combat
 - Level 1.0 Spellcasting
 - Level 2.0 Hexes


You had 7 spell levels left.
You knew the following spells:

 Your Spells              Type           Power        Failure   Level  Hunger
a - Corona                Hex            #......      17%         1    ##.....
b - Apportation           Tloc           #.........   38%         1    ##.....
c - Regeneration          Chrm/Necr      #.........   94%         3    ####...


Dungeon Overview and Level Annotations

Branches:
Dungeon (11/15)            Temple (1/1) D:5            Lair (0/8) D:9
    Orc (0/2) D:9

Altars:
Ashenzari
Cheibriados
Dithmenos
Elyvilon
Fedhas
Gozag
Kikubaaqudgha
Makhleb
Nemelex Xobeh
Okawaru
Pakellas
Qazlal
Ru
Sif Muna
Trog
Vehumet
Xom
Yredelemnul
The Shining One

Shops:
D:4 *:(

Annotations:
D:4 Galewin's ghost, amateur MiBe


Innate Abilities, Weirdness & Mutations

You are too large for most types of armour.
You have claws for hands.
Your metabolism is lightning-fast.
You like to eat raw meat.
You heal very quickly.
You are covered in fur (AC +1).
You have very tough skin (AC +2).
You have a pair of small horns on your head.
You are frail (-10% HP).
Your system is resistant to poisons.


Message History

You mangle the ice devil!!
You kill the ice devil!
Okawaru accepts your kill.
Your Throwing skill increases to level 4!
You claw the ice devil! Your claw misses the ice devil.
The ice devil is moderately wounded.
You scratch the ice devil. Your claw misses the ice devil.
The ice devil is heavily wounded.
The ice devil hits you! The ice devil freezes you!!
You claw the ice devil! Your headbutt misses the ice devil.
The ice devil is severely wounded.
The ice devil hits you! The ice devil freezes you!!
* * * LOW HITPOINT WARNING * * *
You claw the ice devil!
You headbutt the ice devil, but do no damage.
The ice devil is almost dead.
The ice devil hits you.
* * * LOW HITPOINT WARNING * * *
The ice devil freezes you!!
You die...

#...###..# #..§§
#.§##.#.## #...#
#.§#....## #...#
#..##....###...#
##..#....##....###
#..##..)##.4§.§.#
##..#.)##..#.§§§§#
#..####..###§§§§..
##@###...# §§4§..
##4.#..## .§...
#....## ...§.
##..## .44. ####
#...


You could see an ice devil.

Vanquished Creatures
  Harold (D:10)
  Joseph (D:10)
  2 ice statues (IceCv)
  3 ice devils (IceCv)
  Prince Ribbit (D:5)
  6 yaks (D:10)
  A wraith (D:10)
  A hog (D:7)
  Eustachio (D:5)
  A human (D:7)
  Menkaure (D:7)
  2 orc warriors
  5 porcupines (D:9)
  3 ice beasts
  A black bear (D:8)
  A phantom (D:9)
  6 ogres
  A centaur (D:5)
  3 crocodiles (D:9)
  Blork the orc (D:6)
  3 elf zombies (Ossuary)
  7 giant frogs
  A wyvern zombie (D:10)
  A scorpion (D:6)
  6 killer bees (D:10)
  A howler monkey (D:10)
  2 crimson imps
  A quasit (D:10)
  A giant frog zombie (D:8)
  2 centaur zombies
  A jelly (D:7)
  4 hounds
  A human zombie (Ossuary)
  6 orc wizards
  2 orc priests
  A centaur skeleton (D:7)
  A giant frog skeleton (D:8)
  Jessica (D:3)
  7 worker ants
  An iguana (D:6)
  15 sheep
  A big kobold zombie (Ossuary)
  A hound zombie (D:8)
  2 mummies (Ossuary)
  A hound skeleton (D:6)
  A howler monkey zombie (D:6)
  15 adders
  7 gnolls
  3 river rats (D:9)
  3 shadow imps
  18 white imps
  4 ufetubi (IceCv)
  2 oozes
  3 worms
  3 dart slugs
  4 giant geckos
  22 orcs
  3 giant cockroaches
  6 goblins
  3 hobgoblins
  4 jackals
  6 kobolds
  8 quokkas
  A ball python (D:1)
  8 bats
  A giant gecko zombie (D:7)
  A giant newt (D:1)
  2 goblin zombies (Ossuary)
  3 hobgoblin zombies (Ossuary)
  A jackal skeleton (D:5)
  2 jackal zombies
  10 kobold zombies (Ossuary)
  14 orc zombies (Ossuary)
  7 rats
  A rat zombie (Ossuary)
278 creatures vanquished.

Vanquished Creatures (others)
  2 white imps (IceCv)
  4 ufetubi (IceCv)
  2 plants (D:9)
8 creatures vanquished.

Grand Total: 286 creatures vanquished

Notes
Turn   | Place    | Note
--------------------------------------------------------------
     0 | D:1      | inmateoo the Troll Arcane Marksman began the quest for the Orb.
     0 | D:1      | Reached XP level 1. HP: 18/18 MP: 1/1
     2 | D:1      | Noticed a halfling
     2 | D:1      | Noticed a centaur
     4 | D:1      | Noticed a spriggan
     4 | D:1      | Noticed a formicid
     6 | D:1      | Noticed a tengu
     6 | D:1      | Noticed an elf
     8 | D:1      | Noticed a draconian
     8 | D:1      | Noticed a human
    10 | D:1      | Noticed a vampire
    12 | D:1      | Noticed an ogre
    12 | D:1      | Noticed a troll
    14 | D:1      | Noticed a naga
    16 | D:1      | Noticed a gargoyle
    16 | D:1      | Noticed a vine stalker
    18 | D:1      | Noticed a demigod
    20 | D:1      | Noticed a minotaur
    20 | D:1      | Noticed a merfolk
    22 | D:1      | Noticed an octopode
    22 | D:1      | Noticed a demonspawn
    24 | D:1      | Noticed a felid
    24 | D:1      | Noticed a ghoul
    26 | D:1      | Noticed a dwarf
   127 | D:1      | Reached skill level 1 in Unarmed Combat
   341 | D:3      | Noticed Jessica
   343 | D:3      | Reached XP level 2. HP: 26/26 MP: 2/2
   353 | D:3      | Killed Jessica
   353 | D:3      | Reached skill level 2 in Unarmed Combat
   353 | D:3      | Reached XP level 3. HP: 24/32 MP: 3/3
   403 | D:3      | Reached skill level 3 in Unarmed Combat
   596 | D:3      | Reached XP level 4. HP: 33/40 MP: 4/4
   625 | D:4      | Found Zeeqaxt's Book Emporium.
   671 | D:4      | Found Poetied's Antique Weapon Shop.
   671 | D:4      | Noticed an ogre
   671 | D:4      | Noticed a phantom
   671 | D:4      | Noticed Galewin's ghost (amateur MiBe)
   676 | D:5      | Entered Level 5 of the Dungeon
   687 | D:5      | Found a staircase to the Ecumenical Temple.
   697 | D:5      | Reached skill level 4 in Unarmed Combat
   703 | Temple   | Entered the Ecumenical Temple
   769 | Temple   | Became a worshipper of Warmaster Okawaru
   824 | D:5      | Noticed an ice beast
   836 | D:5      | Killed an ice beast
   836 | D:5      | Reached skill level 5 in Unarmed Combat
   836 | D:5      | Reached XP level 5. HP: 23/46 MP: 5/5
   874 | D:5      | Noticed a centaur
   887 | D:5      | Killed a centaur
   887 | D:5      | Reached * piety under Okawaru
   887 | D:5      | Reached skill level 6 in Unarmed Combat
   887 | D:5      | Reached XP level 6. HP: 15/54 MP: 6/6
  1022 | D:5      | Found a sand-covered staircase.
  1120 | Ossuary  | Entered an ossuary
  1229 | Ossuary  | Reached skill level 7 in Unarmed Combat
  1256 | Ossuary  | Reached XP level 7. HP: 61/61 MP: 7/7
  1345 | Ossuary  | Reached skill level 8 in Unarmed Combat
  1547 | D:5      | Noticed Eustachio
  1551 | D:5      | Killed Eustachio
  1551 | D:5      | Reached ** piety under Okawaru
  1737 | D:5      | Found a sparkling altar of Nemelex Xobeh.
  1748 | D:5      | Noticed Prince Ribbit
  1775 | D:5      | Killed Prince Ribbit
  1775 | D:5      | Reached skill level 9 in Unarmed Combat
  1775 | D:5      | Reached XP level 8. HP: 17/68 MP: 8/8
  1880 | D:4      | Found Pajoewaa's Assorted Antiques.
  2682 | D:2      | Found a shadowy altar of Dithmenos.
  2868 | D:2      | Reached skill level 10 in Unarmed Combat
  2965 | D:2      | Reached skill level 1 in Fighting
  3560 | D:6      | Reached *** piety under Okawaru
  3817 | D:6      | Noticed Blork the orc
  3828 | D:6      | Killed Blork the orc
  4082 | D:7      | Reached XP level 9. HP: 79/80 MP: 9/9
  4182 | D:7      | Noticed Menkaure
  4486 | D:7      | Killed Menkaure
  4646 | D:7      | Found a snail-covered altar of Cheibriados.
  4647 | D:7      | Found a basalt altar of Yredelemnul.
  4692 | D:7      | Reached skill level 11 in Unarmed Combat
  4843 | D:7      | Reached **** piety under Okawaru
  4845 | D:7      | Received a gift from Okawaru
  5742 | D:9      | Found a glowing golden altar of the Shining One.
  5751 | D:9      | Reached skill level 5 in Dodging
  5754 | D:9      | Learned a level 1 spell: Apportation
  5829 | D:9      | Found a staircase to the Lair.
  5858 | D:9      | Reached XP level 10. HP: 27/92 MP: 8/10
  5860 | D:9      | Reached ***** piety under Okawaru
  6029 | D:9      | Learned a level 1 spell: Corona
  6033 | D:9      | Learned a level 3 spell: Regeneration
  6078 | D:9      | Reached skill level 12 in Unarmed Combat
  6369 | D:9      | Found a staircase to the Orcish Mines.
  6536 | D:9      | Gained mutation: Your system is resistant to poisons. [potion of mutation]
  6536 | D:9      | Gained mutation: You are frail (-10% HP). [potion of mutation]
  6536 | D:9      | Gained mutation: You have a pair of small horns on your head. [potion of mutation]
  6558 | D:10     | Entered Level 10 of the Dungeon
  6572 | D:10     | Received a gift from Okawaru
  7074 | D:10     | Noticed Joseph
  7089 | D:10     | Killed Joseph
  7309 | D:10     | Noticed Harold
  7332 | D:10     | Killed Harold
  7332 | D:10     | Reached skill level 5 in Fighting
  7465 | D:11     | Found a frozen archway.
  7509 | IceCv    | Entered an ice cave
  7607 | IceCv    | Reached XP level 11. HP: 83/91 MP: 11/11
  8043 | IceCv    | Mangled by an ice devil

Skill      XL: |  1  2  3  4  5  6  7  8  9 10 11 |
---------------+----------------------------------+-----
Unarmed Combat | 1 2 3 5 6 7 9 10 11 12 | 12.7
Fighting       | 2 3 5 |  5.4
Dodging        | 3 5 7 |  7.4
Throwing       | 3 4 |  4.0
Spellcasting   | |  1.0
Hexes          | |  2.0

Action                   |  1- 3 |  4- 6 |  7- 9 | 10-12 || total
-------------------------+-------+-------+-------+-------++-------
Melee: Unarmed           |    97 |   120 |   413 |   247 ||   877
       Punch             |       |     3 |    19 |    13 ||    35
       Headbutt          |       |       |       |    29 ||    29
Throw: Large rock        |       |     1 |     4 |       ||     5
Invok: Heroism           |       |       |     1 |     1 ||     2
  Use: Potion            |       |       |     4 |     1 ||     5
       Scroll            |       |       |       |    19 ||    19
 Stab: Sleeping          |       |       |     1 |       ||     1
  Eat: Chunk             |    10 |     3 |    42 |    18 ||    73
Armor: Robe              |    46 |    33 |    93 |    74 ||   246
       Skin              |       |       |     4 |     3 ||     7
Dodge: Dodged            |    49 |    42 |   144 |   103 ||   338
